 Dungeon Crawl Stone Soup version 0.27-a0-412-g8dd771eca2 (webtiles) character file.

Game seed: 10089264509068327923

28 Chiseanne the Magician (level 3, 26/26 HPs)
             Began as a Demonspawn Wanderer on Feb 24, 2021.
             Quit the game on level 2 of the Dungeon.
             The game lasted 00:02:45 (1502 turns).

Chiseanne the Magician (Demonspawn Wanderer)        Turns: 1502, Time: 00:02:46

Health: 26/26      AC:  4    Str: 12    XL:     3   Next: 0%
Magic:  6/6        EV: 11    Int: 16    God:
Gold:   59         SH:  0    Dex: 10    Spells: 5/6 levels left

rFire    . . .     SeeInvis .   a - +3 mace
rCold    . . .     Faith    .   (no shield)
rNeg     . . .     Spirit   .   d - +0 robe
rPois    .         Reflect  .   (helmet restricted)
rElec    .         Harm     .   (no cloak)
rCorr    .         Rampage  .   (no gloves)
Will     .....                  (no boots)
Stlth    +.........             (no amulet)
HPRegen  0.08/turn              (no ring)
MPRegen  0.10/turn              (no ring)

@: no status effects
A: antennae 1, iridescent scales 1
a: no special abilities


You were on level 2 of the Dungeon.
You visited 1 branch of the dungeon, and saw 2 of its levels.

You collected 59 gold pieces.

Inventory:

Hand Weapons
 a - a +3 mace (weapon)
 s - a +1 short sword of draining
Missiles
 e - 26 bolts
 f - 8 stones
 g - 13 arrows
 h - 12 poisoned darts
 k - 10 sling bullets
Armour
 d - a +0 robe (worn)
 j - a +1 helmet
Scrolls
 b - a scroll of enchant weapon
Potions
 c - a potion of lignification
 i - a potion of curing {unknown}
 l - a potion of ambrosia {unknown}


   Skills:
 * Level 1.6 Fighting
 - Level 1.7 Maces & Flails
 - Level 1.0 Throwing
 - Level 1.7 Armour
 * Level 1.0 Dodging
 - Level 1.0 Stealth
 * Level 2.3 Spellcasting
 * Level 1.0 Transmutations
 - Level 1.0 Earth Magic


You had 5 spell levels left.
You knew the following spells:

 Your Spells              Type           Power        Failure   Level
a - Sting                 Tmut/Pois      12%          16%         1

Your spell library contained the following spells:

 Spells                   Type           Power        Failure   Level
 Ignite Poison            Fire/Tmut/Pois 3%           45%         3


Dungeon Overview and Level Annotations

Branches:
Dungeon (2/15)

Altars:


Innate Abilities, Weirdness & Mutations

You have a pair of small antennae on your head.
You are partially covered in iridescent scales. (AC +2)


Message History

Aim: a goblin, wielding a +0 dagger (45% to evade)
The sting hits the goblin.
The goblin is poisoned.
The goblin is heavily wounded.
You kill the goblin!
A leopard gecko comes into view.
The leopard gecko hisses angrily.
Casting: Sting (safe; 17% risk of failure)
Confirm with . or Enter, or press ? or * to list all spells.
Aiming: Sting (safe; 17% risk of failure)
Press: ? - help, Shift-Dir - straight line, f - leopard gecko
Aim: a leopard gecko (53% to evade)
You miscast Sting.
You are very lightly contaminated with residual magic.
Nothing appears to happen.
Casting: Sting (safe; 17% risk of failure)
Confirm with . or Enter, or press ? or * to list all spells.
Aiming: Sting (safe; 17% risk of failure)
Press: ? - help, Shift-Dir - straight line, f/p - leopard gecko
Aim: a leopard gecko (53% to evade)
The sting hits the leopard gecko.
The leopard gecko is poisoned.
The leopard gecko is lightly wounded.
The leopard gecko closely misses you.
Casting: Sting (safe; 17% risk of failure)
Confirm with . or Enter, or press ? or * to list all spells.
Aiming: Sting (safe; 17% risk of failure)
Press: ? - help, Shift-Dir - straight line, f/p - leopard gecko
Aim: a leopard gecko (moderately wounded, poisoned, 53% to evade)
The sting misses the leopard gecko.
The leopard gecko barely misses you.
You hit the leopard gecko.
The leopard gecko is almost dead.
You kill the leopard gecko!
Your Dodging skill increases to level 1!
You have reached level 3!
Your experience leads to an increase in your attributes!
Increase (s)trength, (i)ntelligence, or (d)exterity?
You feel clever.
Your demonic ancestry asserts itself...
A pair of antennae grows on your head!
Your +1 helmet falls away!
Your magical contamination has completely faded away.
Are you sure you want to abandon this character and quit the game? (Confirm with "yes".)

# #....####.
#.####.####.#
#.........#.##+#
######.##.#.....
#.# #..... #.##
... #..#+#.#
##.....# #...@.#
#.....#
+.......#
####...)...
#........#
##.......#
##......#
#..##### ...


There were no monsters in sight!

Vanquished Creatures
  A dart slug (D:2)
  A leopard gecko (D:2)
  A ball python (D:1)
  3 giant cockroaches
  3 hobgoblins
  3 kobolds
  5 bats (D:1)
  A frilled lizard (D:1)
  3 goblins
  3 rats
24 creatures vanquished.

Notes
Turn   | Place    | Note
-------+----------+-------------------------------------------
     0 | D:1      | Chiseanne the Demonspawn Wanderer began the quest for the
                  | Orb.
     0 | D:1      | Chiseanne set off with the following items: a +2 mace, a
                  | potion of lignification, a +0 robe; and the following spell
                  | memorised: Sting; and the following spells available to
                  | memorise: Ignite Poison
     0 | D:1      | Reached XP level 1. HP: 15/15 MP: 3/3
     6 | D:1      | Noticed a polar bear
     7 | D:1      | Noticed a lindwurm
     7 | D:1      | Noticed a hound
   517 | D:1      | Gained mutation: You are partially covered in iridescent
                  | scales. (AC +2) [demonic ancestry]
   517 | D:1      | Reached XP level 2. HP: 21/21 MP: 5/5
  1400 | D:2      | Reached skill level 1 in Transmutations
  1461 | D:2      | Reached skill level 1 in Dodging
  1461 | D:2      | Gained mutation: You have a pair of small antennae on your
                  | head. [demonic ancestry]
  1461 | D:2      | Reached XP level 3. HP: 26/26 MP: 1/6
  1502 | D:2      | Quit the game

Illustrated notes

Levels and vault maps discovered:
D:1:      onia_arrival_zoo_common, layout_basic, amethyst_killhole, minivault_24
D:2:      layout_basic

Skill      XL: |  1  2 |
---------------+-------+-----
Transmutations | 1 |  1.0
Dodging        | 1 |  1.0
Fighting       | |  1.6
Maces & Flails | |  1.7
Throwing       | |  1.0
Armour         | |  1.7
Stealth        | |  1.0
Spellcasting   | |  2.3
Earth Magic    | |  1.0

Action                   || total
-------------------------++-------
Melee: Mace              ||    29
 Cast: Sting             ||    22
  Use: Scroll            ||     2
 Stab: Sleeping          ||     1
Armor: Robe              ||    26
Dodge: Dodged            ||    34

Table legend: (Time is in decaauts)
 A = Elapsed time spent in this place.
 B = Non-inter-level travel time spent in this place.
 C = Inter-level travel time spent in this place.
 D = Time resting spent in this place.
 E = Time spent auto-exploring this place.
 F = Levels seen in this place.
 G = Mean time per level.
                   A        B        C        D        E       F      G
               +--------+--------+--------+--------+--------+-----+--------+
         Total |   1510 |   1468 |     42 |    362 |    921 |   2 |  755.0 |
       Dungeon |   1510 |   1468 |     42 |    362 |    921 |   2 |  755.0 |
               +--------+--------+--------+--------+--------+-----+--------+

Top non-repeatable levels by time:
     D:1: 1285 daAuts
     D:2: 225 daAuts
